 Dungeon Crawl Stone Soup version 0.30-a0-913-g9934a0ce24 (webtiles) character file.

Game seed: 1364407959228181541

3791 Pimp the Covert (level 9, -22/60 (61) HPs)
             Began as a Vampire Enchanter on Mar 19, 2023.
             Was an Initiate of Gozag.
             Engulfed by a fire crab's flame (27 damage)
             ... on level 8 of the Dungeon.
             The game lasted 00:23:55 (7536 turns).

Pimp the Covert (Vampire Enchanter)                 Turns: 7536, Time: 00:23:55

HP:   -22/60 (61)   AC: 12    Str: 11    XL:     9   Next: 95%
MP:   16/16         EV: 14    Int: 20    God:    Gozag
Gold: 620           SH:  5    Dex: 23    Spells: 7/18 levels left

rFire   . . .      SeeInvis +    M - +3 short sword
rCold   + + +      Faith    .    (no shield)
rNeg    . . .      Spirit   .    h - +2 ring mail "Leqai" {Rampage *Corrode rC++ Regen+ SInv}
rPois   .          Reflect  +    e - +0 hat "Effab" {rF+ Regen+ Str+2}
rElec   .          Rampage  +    (no cloak)
rCorr   .          Clarity  +    r - +1 Delatra's gloves {ID++}
Will    .....                    E - +1 pair of boots
Stlth   ++++                     F - amulet "Menouclu" {Reflect rC+ SH+5}
HPRegen 2.10/turn                l - ring "Earthly Heaven" {Fly rF- Str+5 Int+2 Dex+2}
MPRegen 0.15/turn                D - +4 ring of protection

@: corroded, flying, healing quickly, studying Translocations, lightly drained
A: alive, fangs 3, see invisible, vampiric 2, agile 1, clarity, weak 1, no
potion heal 1
a: Exsanguinate, Renounce Religion, Potion Petition, Call Merchant, Bribe Branch


You were on level 8 of the Dungeon.
You worshipped Gozag.
Gozag was pleased with you.
You visited 2 branches of the dungeon, and saw 9 of its levels.
You also visited: Sewer.

You collected 784 gold pieces.
You paid 164 gold pieces to Gozag.

Inventory:

Hand Weapons
 a - a +1 dagger
 d - a +2 dagger of venom
 M - a +3 short sword (weapon)
Armour
 b - a +0 robe
 e - the +0 hat "Effab" (worn) {rF+ Regen+ Str+2}
   (You acquired it on level 1 of the Dungeon)

   Str:       It affects your strength (+2).
   rF:        It protects you from fire.
   Regen:     It increases your rate of health regeneration.
 h - the +2 ring mail "Leqai" (worn) {Rampage *Corrode rC++ Regen+ SInv}
   (You acquired it on level 3 of the Dungeon)

   rC:        It greatly protects you from cold.
   SInv:      It lets you see invisible.
   Regen:     It increases your rate of health regeneration.
   *Corrode:  It may corrode you when you take damage.
   Rampage:   It bestows one free step when moving towards enemies.
 k - a +2 scale mail of fire resistance
 r - the +1 Delatra's gloves (worn) {ID++}
   (You found it on level 5 of the Dungeon)

   ID++:      It heals its wearer when they drink unknown potions, and restores
   their MP when they read unknown scrolls.
 E - a +1 pair of boots (worn)
Jewellery
 l - the ring "Earthly Heaven" (left hand) {Fly rF- Str+5 Int+2 Dex+2}
   (You found it on level 3 of the Dungeon)

   [ring of flight]

   Str:       It affects your strength (+5).
   Int:       It affects your intelligence (+2).
   Dex:       It affects your dexterity (+2).
   rF:        It makes you vulnerable to fire.
   Fly:       It grants you flight.
 v - a ring of positive energy
 B - a ring of ice
 D - a +4 ring of protection (right hand)
 F - the amulet "Menouclu" (around neck) {Reflect rC+ SH+5}
   (You acquired it on level 6 of the Dungeon)

   [amulet of reflection]

   It reflects blocked missile attacks.
   rC:        It protects you from cold.
   SH:        It affects your SH (+5).
 H - a +6 ring of dexterity
 L - a ring of poison resistance
Wands
 m - a wand of flame (55) (quivered)
 n - a wand of charming (31)
 t - a wand of acid (5)
 C - a wand of roots (6)
Scrolls
 i - a scroll of immolation
 q - 2 scrolls of magic mapping
 w - a scroll of identify
 z - 2 scrolls of amnesia
 G - 3 scrolls of teleportation
Potions
 c - 3 potions of magic
 g - 2 potions of resistance {unknown}
 j - a potion of flight
 o - 2 potions of haste
 p - 4 potions of might
 u - 2 potions of curing
 I - a potion of cancellation {unknown}
 J - a potion of degeneration {unknown}
 K - 2 potions of berserk rage {unknown}
Miscellaneous
 x - a lightning rod (4/4)


   Skills:
 + Level 2.1 Fighting
 + Level 5.5 Short Blades
 + Level 3.8 Armour
 + Level 5.9 Dodging
 - Level 10.5 Stealth
 + Level 5.1 Spellcasting
 + Level 1.7 Conjurations
 + Level 8.6 Hexes
 + Level 3.1 Translocations
 + Level 3.3 Evocations


You had 7 spell levels left.
You knew the following spells:

 Your Spells              Type           Power      Damage    Failure   Level
a - Confusing Touch       Hex            39%        N/A       2%          3
b - Tukima's Dance        Hex            39%        N/A       2%          3
c - Ensorcelled Hibernat  Hex/Ice        44%        N/A       7%          2
d - Dazzling Flash        Conj/Hex       50%        N/A       10%         3

Your spell library contained the following spells:

 Spells                   Type           Power      Damage    Failure   Level
 Slow                     Hex            100%       N/A       1%          1
 Foxfire                  Conj/Fire      32%        2x1d5     19%         1
 Gell's Gravitas          Tloc           17%        N/A       22%         3
 Teleport Other           Tloc           17%        N/A       22%         3
 Passwall                 Tmut/Erth      4%         N/A       36%         2
 Manifold Assault         Tloc           17%        N/A       58%         4
 Swiftness                Air            5%         N/A       61%         3
 Vampiric Draining        Necr           5%         2d6       61%         3
 Airstrike                Air            2%         2d(1-17)  95%         4
 Summon Lightning Spire   Summ/Air       5%         N/A       95%         4
 Fireball                 Conj/Fire      4%         3d4       99%         5
 Borgnjor's Vile Clutch   Necr/Erth      2%         N/A       100%        5
 Plasma Beam              Fire/Air       2%         2x1d14    100%        5
 Death Channel            Necr           2%         N/A       100%        6
 Dispersal                Tloc           8%         N/A       100%        6
 Starburst                Conj/Fire      4%         6d3       100%        6
 Disjunction              Tloc           8%         N/A       100%        8
 Animate Dead             Necr           Unusable   N/A       N/A         4

Dungeon Overview and Level Annotations

Branches:
Dungeon (8/15)             Temple (1/1) D:7            Lair (0/5) D:8
  Sewer (visited)

Altars:
Ashenzari
Cheibriados
Dithmenos
Fedhas
Gozag
Hepliaklqana
Kikubaaqudgha
Makhleb
Nemelex Xobeh
Okawaru
Qazlal
Ru
Sif Muna
Trog
Uskayaw
Vehumet
Wu Jian
Xom
Yredelemnul

Shops:
D:3 [


Innate Abilities, Weirdness & Mutations

Your natural rate of healing is accelerated.
You have razor-sharp teeth.
You have supernaturally acute eyesight. (SInv)
You are afflicted with vampirism and can become a bat while bloodless.
You are agile. (Dex +4, Str/Int -1)
You possess an exceptional clarity of mind.
You are weak. (Str -2)
Potions are less effective at restoring your health.


Message History

The steam dragon hisses angrily.
There are monsters nearby!
You rampage towards the steam dragon!
The steam dragon breathes steam at you. The ball of steam hits you!
Found 15 gold pieces.
You are engulfed in a cloud of scalding steam.
You rampage towards the steam dragon!
You closely miss the steam dragon. You bite the steam dragon.
The steam dragon is lightly wounded.
You are engulfed in a cloud of scalding steam.
You hit the steam dragon but do no damage.
You bite the steam dragon.
The steam dragon is lightly wounded.
You are engulfed in a cloud of scalding steam.
The steam dragon breathes steam at you. The ball of steam hits you!
You hit the steam dragon.
The steam dragon is moderately wounded.
You are engulfed in a cloud of scalding steam.
The fire crab bites you but does no damage.
The fire crab completely misses you. The steam dragon bites you!
The steam dragon claws you but does no damage.
You hit the fire crab but do no damage.
You are engulfed in a cloud of scalding steam.
Your corrosive artefact corrodes you!
The steam dragon breathes steam at you. The ball of steam hits you!!
* * * LOW HITPOINT WARNING * * *
The fire crab breathes flames at you. The blast of flame misses you.
As you read the scroll of fear, it crumbles to dust.
You assume a fearsome visage.
The fire crab looks frightened!
The steam dragon looks frightened!
You are engulfed in blazing flames.
* * * LOW HITPOINT WARNING * * *
The steam dragon is engulfed in blazing flames.
Your system partially rejects the healing.
You feel better.
You are engulfed in blazing flames.
You die...
Your body crumbles into a pile of gold.

..# ...# ### .....
#..... ....z.. #....#
....... +..$.#
z..#######+#....#
####...##..##..#....#
...######.§....#°.°.#
...#...##.§....#°°..#
...#...#....§§.§@°D.#
...'...#.....§≈°§°......
..[######...≈≈°≈≈°t.##+#
........###.≈≈§≈≈§....
........#...§≈≈>≈§≈.....
###.....#...≈≈≈..≈≈.....
..#.....'....≈§≈≈.≈.....
..#.....#....§≈§≈≈......
..#.>...##'......§§.


You could see a fire crab (fleeing) and a steam dragon (fleeing).

Vanquished Creatures
  A troll (D:7)
  Sigmund (D:4)
  A steam dragon (D:6)
  A water moccasin (D:6)
  An orc warrior (D:8)
  2 ice beasts
  2 sky beasts
  2 ogres (D:7)
  4 centaurs
  A phantom (D:5)
  Blork the orc (D:5)
  3 bullfrogs
  A water moccasin zombie (D:4)
  8 wights
  10 killer bees (D:8)
  A howler monkey (D:6)
  3 jellies
  3 hounds
  3 gnoll boudas (D:7)
  4 orc priests
  2 iguanas
  2 sleepcaps
  Ijyb (D:5)
  Natasha (thrice) (D:2)
  4 orc wizards
  2 hound zombies (D:4)
  4 gnolls (D:5)
  8 adders
  5 river rats (Sewer)
  An adder zombie (D:4)
  A worm (D:3)
  8 orcs
  A bat (D:1)
  6 endoplasms
  7 giant cockroaches
  7 goblins
  11 hobgoblins
  A quokka (D:1)
  9 ball pythons
  A jackal zombie (D:4)
  22 kobolds
  32 rats
191 creatures vanquished.

Notes
Turn   | Place    | Note
-------+----------+-------------------------------------------
     0 | D:1      | Pimp the Vampire Enchanter began the quest for the Orb.
     0 | D:1      | Reached XP level 1. HP: 13/13 MP: 3/3
   208 | D:1      | Reached XP level 2. HP: 19/19 MP: 5/5
   526 | D:1      | Identified a scroll of acquirement
   526 | D:1      | Acquired the +0 hat "Effab" {rF+ Regen+ Str+2}
   686 | D:1      | Reached skill level 5 in Stealth
   687 | D:1      | You fall into a shaft and drop 1 floor!
   865 | D:2      | Gained mutation: You are afflicted with vampirism and can
                  | become a bat while bloodless. [Vampire growth]
   865 | D:2      | Reached XP level 3. HP: 23/24 MP: 6/6
   872 | D:2      | Noticed Natasha
   883 | D:2      | Killed Natasha
   884 | D:2      | Reached skill level 5 in Hexes
  1079 | D:1      | Gained mutation: You are strong-willed. (Will+) [potion of
                  | mutation]
  1258 | D:2      | Learned a level 3 spell: Confusing Touch
  1262 | D:2      | Learned a level 3 spell: Tukima's Dance
  1367 | D:2      | Noticed Natasha
  1373 | D:2      | Killed Natasha
  1374 | D:2      | Reached XP level 4. HP: 25/30 MP: 7/7
  1383 | D:2      | Noticed Natasha
  1398 | D:2      | Killed Natasha
  1461 | D:2      | Reached skill level 6 in Stealth
  1725 | D:3      | Found Icuiprue's Antique Armour Boutique.
  1744 | D:3      | Acquired the +2 ring mail "Leqai" {Rampage *Corrode rC++
                  | Regen+ SInv}
  1760 | D:3      | Found a faded altar of an unknown god.
  1787 | D:3      | Identified the ring "Earthly Heaven" {Fly rF- Str+5 Int+2
                  | Dex+2}
  2457 | D:4      | Noticed Sigmund
  2468 | D:4      | Killed Sigmund
  2469 | D:4      | Reached skill level 1 in Armour
  2469 | D:4      | Reached XP level 5. HP: 35/35 MP: 5/9
  2469 | D:4      | Reached XP level 6. HP: 41/41 MP: 5/10
  2652 | D:4      | Found a basalt altar of Yredelemnul.
  2665 | D:4      | Reached skill level 7 in Stealth
  2678 | D:4      | Found a glowing drain.
  2682 | Sewer    | Entered a sewer
  3508 | D:4      | Reached XP level 7. HP: 46/46 MP: 7/11
  3513 | D:4      | Lost mutation: You are strong-willed. (Will+) [potion of
                  | mutation]
  3513 | D:4      | Gained mutation: You are weak. (Str -2) [potion of
                  | mutation]
  3513 | D:4      | Gained mutation: Potions are less effective at restoring
                  | your health. [potion of mutation]
  3513 | D:4      | Gained mutation: You have hidden genetic potential. [potion
                  | of mutation]
  3695 | D:5      | Entered Level 5 of the Dungeon
  3695 | D:5      | Found the +1 Delatra's gloves {ID++}
  3755 | D:5      | Noticed Ijyb
  3766 | D:5      | Noticed Blork the orc
  3768 | D:5      | Killed Ijyb
  3785 | D:5      | Killed Blork the orc
  3786 | D:5      | Reached skill level 8 in Stealth
  4006 | D:5      | Found an ornate altar of the Wu Jian Council.
  4469 | D:5      | Found a shadowy altar of Dithmenos.
  4495 | D:5      | Reached skill level 1 in Evocations
  4495 | D:5      | Reached XP level 8. HP: 49/52 MP: 10/13
  4496 | D:5      | Gained mutation: You possess an exceptional clarity of
                  | mind. [hidden potential]
  4509 | D:5      | Reached skill level 9 in Stealth
  4522 | D:5      | Found a bloodstained altar of Trog.
  4836 | D:6      | Acquired the amulet "Menouclu" {Reflect rC+ SH+5}
  5324 | D:6      | Reached skill level 10 in Stealth
  5498 | D:6      | Reached skill level 5 in Dodging
  5525 | D:6      | Learned a level 2 spell: Ensorcelled Hibernation
  5529 | D:6      | Learned a level 3 spell: Dazzling Flash
  5590 | D:6      | Reached XP level 9. HP: 57/57 MP: 15/15
  5609 | D:6      | Gained mutation: You are agile. (Dex +4, Str/Int -1)
                  | [hidden potential]
  5609 | D:6      | Lost mutation: You have hidden genetic potential. [hidden
                  | potential expressed]
  5903 | D:7      | Found a staircase to the Ecumenical Temple.
  5913 | Temple   | Entered the Ecumenical Temple
  6004 | Temple   | Became a worshipper of Gozag Ym Sagoz the Greedy
  6113 | D:7      | Found a broken altar of Ashenzari.
  6269 | D:7      | Reached skill level 1 in Translocations
  6503 | D:7      | Reached skill level 1 in Fighting
  6528 | D:7      | Identified the +0 leather armour of Mezcal {rElec}
  6551 | D:7      | Reached skill level 5 in Short Blades
  6617 | D:7      | Reached skill level 1 in Conjurations
  6772 | D:7      | Found a hazy altar of Hepliaklqana.
  6773 | D:7      | Noticed a troll
  6775 | D:7      | Killed a troll
  7053 | D:8      | Reached skill level 5 in Spellcasting
  7319 | D:8      | Noticed a fire crab
  7320 | D:8      | Found a staircase to the Lair.
  7535 | D:8      | HP: 1/60 [fire crab] (14)]
  7536 | D:8      | Engulfed by a fire crab's flame

Illustrated notes

Levels and vault maps discovered:
D:1:      dpeg_arrival_chambers_temple_mockup, layout_rooms, serial_glass,
          glass_columns_a, glass_columns_a, minmay_misc_feat_ornament
D:2:      layout_loops_ring, uniq_natasha
D:3:      layout_basic, zin_statuary, serial_shops, nicolae_shop_hallway_stairs,
          hellmonk_ecumenical_altar_blasted
D:4:      layout_loops_ring, nicolae_yredelemnul_corpse_copse,
          gup_sewer_entry_bowl, dreamdust_mushroom_princess,
          minmay_misc_feat_hallway, skrybe_limestone_x, uniq_sigmund
D:5:      layout_basic, marbit_many_paths, grunt_dithmenos_smoke_and_mirrors,
          mainiacjoe_overflow_alcove_2, minivault_1, minmay_misc_feat_columns,
          minmay_pentangle, uniq_blork_the_orc, uniq_ijyb
D:6:      layout_loops_ring, nicolae_overflow_hidden_temple, minmay_manual_mares
D:7:      nicolae_whirlpool, layout_loops_corners,
          nicolae_hepliaklqana_hippocampus, mainiacjoe_overflow_alcove_4,
          minmay_temple_entry_water_ring, minmay_bent
D:8:      layout_gridville, minmay_lair_entry_lava, enter_ossuary_3
Temple:   zaba_magenta_temple

Skill      XL: |  1  2  3  4  5  6  7  8  9 |
---------------+----------------------------+-----
Stealth        | 5 6 7 8 10 | 10.5
Hexes          | 5 6 7 8 |  8.6
Short Blades   | 2 3 4 5 |  5.5
Armour         | 1 2 3 |  3.8
Dodging        | 3 4 5 |  5.9
Spellcasting   | 3 4 5 |  5.1
Evocations     | 1 2 3 |  3.3
Translocations | 3 |  3.1
Fighting       | 2 |  2.1
Conjurations   | 1 |  1.7

Action                     |  1- 3 |  4- 6 |  7- 9 || total
---------------------------+-------+-------+-------++-------
  Melee: Dagger            |    98 |   219 |   368 ||   685
         Bite              |     9 |    28 |    57 ||    94
         Punch             |       |     2 |     8 ||    10
         Short sword       |       |       |    15 ||    15
   Cast: Confusing Touch   |       |     2 |     6 ||     8
  Evoke: Wand              |       |       |    17 ||    17
    Use: Scroll            |     9 |     3 |    11 ||    23
         Potion            |     2 |     1 |     4 ||     7
   Stab: Sleeping          |     6 |    11 |    17 ||    34
         Confused          |       |     2 |     4 ||     6
         Invisible         |       |     5 |       ||     5
         Distracted        |       |       |     1 ||     1
 Armour: Robe              |     5 |       |       ||     5
         Scale mail        |    20 |    10 |       ||    30
         Ring mail         |       |    88 |   104 ||   192
         Skin              |       |       |    12 ||    12
  Dodge: Dodged            |    34 |   153 |   204 ||   391
  Block: Other             |       |       |    56 ||    56

Table legend: (Time is in decaauts)
 A = Elapsed time spent in this place.
 B = Non-inter-level travel time spent in this place.
 C = Inter-level travel time spent in this place.
 D = Time resting spent in this place.
 E = Time spent auto-exploring this place.
 F = Levels seen in this place.
 G = Mean time per level.
                   A        B        C        D        E       F      G
               +--------+--------+--------+--------+--------+-----+--------+
         Total |   7412 |   7070 |    342 |    632 |   4690 |  10 |  741.2 |
       Dungeon |   6823 |   6526 |    297 |    617 |   4407 |   8 |  852.9 |
        Temple |     95 |     50 |     45 |      0 |     41 |   1 |   95.0 |
         Sewer |    493 |    493 |      0 |     15 |    242 |   1 |  493.0 |
               +--------+--------+--------+--------+--------+-----+--------+

Top non-repeatable levels by time:
     D:7: 1060 daAuts
     D:5: 1049 daAuts
     D:6: 1015 daAuts
     D:1: 959 daAuts
     D:2: 756 daAuts
     D:4: 750 daAuts
     D:3: 693 daAuts
     D:8: 538 daAuts
   Sewer: 493 daAuts
  Temple: 95 daAuts
